 Dungeon Crawl Stone Soup version 0.32-a0-131-g9dbbe29261 (webtiles) character file.

Game seed: 8382337121170195031

210 AlmostDecent the Ruffian (level 5, 0/38 HPs)
             Began as a Gnoll Wanderer on Feb 9, 2024.
             Slain by a jackal (1 damage)
             ... in a sewer.
             The game lasted 00:06:35 (2404 turns).

AlmostDecent the Ruffian (Gnoll Wanderer)           Turns: 2404, Time: 00:06:36

Health: 0/38       AC:  4    Str: 16 (18) XL:     5   Next: 87%
Magic:  7/7        EV: 11    Int:  8 (9)  God:
Gold:   174        SH:  4    Dex:  7 (9)  Spells: 7/7 levels left

rFire   . . .        a - +2 mace
rCold   . . .        c - +0 buckler
rNeg    . . .        e - +0 leather armour
rPois   .            (no helmet)
rElec   .            (no cloak)
rCorr   .            (no gloves)
SInv    .            g - +0 pair of boots
Will    +....        (no amulet)
Stlth   ++           (no ring)
HPRegen 0.26/turn    (no ring)
MPRegen 0.10/turn

%: no passive effects
@: attractive, enlightened, flying
A: fangs 1, strong nose, distributed training, claws 1, sense surroundings 1
a: no special abilities


You were in a sewer.
You visited 1 branch of the dungeon, and saw 3 of its levels.
You also visited: Sewer.

You collected 174 gold pieces.

Inventory:

Hand Weapons
 a - a +2 mace (weapon)
Armour
 c - a +0 buckler (worn)
 e - a +0 leather armour (worn)
 g - a +0 pair of boots (worn)
 q - an orb of wrath
Talismans
 f - a talisman of death
Scrolls
 b - a scroll of silence
 h - 2 scrolls of vulnerability {unknown}
 k - 4 scrolls of fog {unknown}
 l - 4 scrolls of identify {unknown}
 p - 3 scrolls of revelation {unknown}
 r - a scroll of butterflies {unknown}
Potions
 d - a potion of brilliance
 j - a potion of mutation


   Skills:
 + Level 1.7 Fighting
 + Level 1.7 Short Blades
 + Level 1.7 Long Blades
 + Level 1.7 Axes
 + Level 6.7 Maces & Flails
 + Level 1.7 Polearms
 + Level 1.7 Staves
 + Level 1.7 Ranged Weapons
 + Level 1.7 Throwing
 + Level 3.1 Armour
 + Level 3.1 Dodging
 + Level 2.9 Stealth
 + Level 3.1 Shields
 + Level 6.7 Unarmed Combat
 + Level 1.7 Spellcasting
 + Level 1.3 Conjurations
 + Level 1.3 Hexes
 + Level 1.3 Summonings
 + Level 1.3 Necromancy
 + Level 1.3 Translocations
 + Level 1.3 Fire Magic
 + Level 1.3 Ice Magic
 + Level 1.3 Air Magic
 + Level 1.3 Earth Magic
 + Level 1.3 Alchemy
 + Level 2.0 Invocations
 + Level 1.7 Evocations
 + Level 1.5 Shapeshifting


You had 7 spell levels left.
You didn't know any spells.
Your spell library was empty.

Dungeon Overview and Level Annotations

Branches:
Dungeon (3/15)              Sewer (1/1)

Altars:


Innate Abilities, Weirdness & Mutations

You have very sharp teeth.
Your uncanny sense of smell can sniff out nearby items.
Your experience applies equally to all skills.
You have sharp fingernails.
You passively map a small area around you.


Message History

Moving in this stuff is going to be slow.
You enter the shallow water.
Moving in this stuff is going to be slow.
You enter the shallow water.
Moving in this stuff is going to be slow.
You enter the shallow water.
Moving in this stuff is going to be slow.
A crocodile comes into view.
The crocodile hisses menacingly.
The crocodile barely misses you.
Your unstable footing causes you to fumble your attack.
The crocodile barely misses you.
You closely miss the crocodile. Your bite misses the crocodile.
The crocodile barely misses you.
It was a potion of degeneration.
There was something very wrong with that liquid.
You feel weakened.
You feel dopey.
You feel clumsy. The crocodile bites you!
You hear a bark!
It was a potion of enlightenment.
You feel very buoyant.
You fly up into the air.
A jackal comes into view.
The crocodile barely misses you.
It was a potion of attraction.
You feel attractive to monsters. The crocodile barely misses you.
The jackal bites the plant.
The plant begins to die.
It was a potion of heal wounds.
You feel much better. The crocodile bites you!
The jackal bites the plant.
You closely miss the crocodile.
The jackal bites the plant.
The plant begins to die.
The crocodile misses you.
The jackal bites the plant.
You hit the crocodile but do no damage. Your bite misses the crocodile.
A nearby plant withers and dies.
The crocodile bites you.
You hit the crocodile.
The crocodile is lightly wounded.
The jackal closely misses you. The crocodile bites you!
* * * LOW HITPOINT WARNING * * *
The jackal bites you.
You die...

, *#~#~~.....~ *
P~#~..~P~~. ** * ∆
,*#~#.~.~.P## * ,
#~#~.~~P.~~ ##### **
#~#~~..~.## ##.~.~ *
###~#~...~..~ #...~. ,
#~..~...~~.~~
#.~..h###########~P.~~.
#.~Pl@~~~~~~~~~~P~.~≈≈
#.~.~###########.P≈≈≈≈
##~~~, ~ ≈≈≈≈≈≈≈ #≈≈≈ ~
≈≈≈≈≈≈≈ #≈≈≈≈~~ ~ ~
≈≈≈≈≈≈≈≈ ##≈≈≈
~≈≈≈≈≈≈≈≈ ##≈≈
≈≈≈≈≈≈≈≈≈ #≈≈ ~~ ≈≈≈≈≈≈
~ ~


You could see a crocodile and a jackal.

Vanquished Creatures
  A kobold brigand (Sewer)
  6 adders
  3 river rats
  3 dart slugs
  An endoplasm (D:3)
  2 giant cockroaches
  5 goblins
  3 hobgoblins
  2 jackals
  8 kobolds
  4 quokkas (D:1)
  6 ball pythons
  3 bats
  2 frilled lizards
  4 rats
53 creatures vanquished.

Notes
Turn   | Place    | Note
-------+----------+-------------------------------------------
     0 | D:1      | AlmostDecent the Gnoll Wanderer began the quest for the
                  | Orb.
     0 | D:1      | AlmostDecent set off with the following items: a +2 mace, a
                  | scroll of silence, a +0 buckler, a potion of brilliance, a
                  | +0 leather armour.
     0 | D:1      | Reached XP level 1. HP: 13/13 MP: 1/1
   224 | D:1      | Reached XP level 2. HP: 19/19 MP: 2/2
   885 | D:2      | Reached XP level 3. HP: 11/25 MP: 2/4
  1075 | D:2      | Reached skill level 1 in Invocations
  1143 | D:2      | Reached skill level 1 in Fighting
  1143 | D:2      | Reached skill level 1 in Short Blades
  1143 | D:2      | Reached skill level 1 in Long Blades
  1143 | D:2      | Reached skill level 1 in Axes
  1143 | D:2      | Reached skill level 1 in Polearms
  1143 | D:2      | Reached skill level 1 in Staves
  1143 | D:2      | Reached skill level 1 in Ranged Weapons
  1143 | D:2      | Reached skill level 1 in Throwing
  1143 | D:2      | Reached skill level 1 in Spellcasting
  1143 | D:2      | Reached skill level 1 in Evocations
  1296 | D:2      | Reached skill level 1 in Shapeshifting
  1296 | D:2      | Reached XP level 4. HP: 29/32 MP: 5/5
  1959 | D:3      | Reached skill level 1 in Conjurations
  1959 | D:3      | Reached skill level 1 in Hexes
  1959 | D:3      | Reached skill level 1 in Summonings
  1959 | D:3      | Reached skill level 1 in Necromancy
  1959 | D:3      | Reached skill level 1 in Translocations
  1959 | D:3      | Reached skill level 1 in Fire Magic
  1959 | D:3      | Reached skill level 1 in Ice Magic
  1959 | D:3      | Reached skill level 1 in Air Magic
  1959 | D:3      | Reached skill level 1 in Earth Magic
  1959 | D:3      | Reached skill level 1 in Alchemy
  1972 | D:3      | Found a glowing drain.
  1977 | Sewer    | Entered a sewer
  1980 | Sewer    | Noticed a kobold brigand
  1996 | Sewer    | Gained mutation: You have sharp fingernails. [potion of
                  | mutation]
  1996 | Sewer    | Gained mutation: You passively map a small area around you.
                  | [potion of mutation]
  1998 | Sewer    | HP: 1/32 [kobold brigand/+0 dagger (6)]
  2000 | Sewer    | Killed a kobold brigand
  2001 | Sewer    | Reached XP level 5. HP: 8/37 MP: 5/7
  2392 | Sewer    | Noticed a crocodile
  2404 | Sewer    | HP: 1/38 [crocodile (16)]
  2404 | Sewer    | Slain by a jackal

Illustrated notes

Levels and vault maps discovered:
D:1:      lemuel_arrival_rhombus, layout_basic, minmay_hexomino_u4
D:2:      layout_loops_cross, nicolae_kite_square_tiling_tiny
D:3:      layout_basic, lightli_sewer_entry_pipes, chequers_arboretum,
          glass_columns_a
Sewer:    sewer_co_scattered_pipes

Skill      XL: |  1  2  3  4  5 |
---------------+----------------+-----
Invocations    | 1 2 |  2.0
Fighting       | 1 |  1.7
Short Blades   | 1 |  1.7
Long Blades    | 1 |  1.7
Axes           | 1 |  1.7
Polearms       | 1 |  1.7
Staves         | 1 |  1.7
Ranged Weapons | 1 |  1.7
Throwing       | 1 |  1.7
Spellcasting   | 1 |  1.7
Evocations     | 1 |  1.7
Shapeshifting  | 1 |  1.5
Conjurations   | 1 |  1.3
Hexes          | 1 |  1.3
Summonings     | 1 |  1.3
Necromancy     | 1 |  1.3
Translocations | 1 |  1.3
Fire Magic     | 1 |  1.3
Ice Magic      | 1 |  1.3
Air Magic      | 1 |  1.3
Earth Magic    | 1 |  1.3
Alchemy        | 1 |  1.3
Armour         | 3 |  3.1
Dodging        | 3 |  3.1
Shields        | 3 |  3.1
Maces & Flails | |  6.7
Stealth        | |  2.9
Unarmed Combat | |  6.7

Action                     |  1- 3 |  4- 6 || total
---------------------------+-------+-------++-------
  Melee: Mace              |    83 |   116 ||   199
         Bite              |     3 |     9 ||    12
    Use: Potion            |       |     9 ||     9
   Stab: Sleeping          |     1 |     2 ||     3
 Armour: Leather armour    |    45 |    54 ||    99
         Skin              |       |    19 ||    19
  Dodge: Dodged            |    36 |    63 ||    99
  Block: Buckler           |    15 |    30 ||    45

Table legend: (Time is in decaauts)
 A = Elapsed time spent in this place.
 B = Non-inter-level travel time spent in this place.
 C = Inter-level travel time spent in this place.
 D = Time resting spent in this place.
 E = Time spent auto-exploring this place.
 F = Levels seen in this place.
 G = Mean time per level.
                   A        B        C        D        E       F      G
               +--------+--------+--------+--------+--------+-----+--------+
         Total |   2463 |   2417 |     46 |      0 |   1897 |   4 |  615.8 |
       Dungeon |   1999 |   1953 |     46 |      0 |   1560 |   3 |  666.3 |
         Sewer |    463 |    463 |      0 |      0 |    337 |   1 |  463.0 |
               +--------+--------+--------+--------+--------+-----+--------+

Top non-repeatable levels by time:
     D:1: 879 daAuts
     D:2: 720 daAuts
   Sewer: 463 daAuts
     D:3: 399 daAuts
